 Dungeon Crawl Stone Soup version 0.31.0-11-ge490571c62 (webtiles) character file.

Game seed: 7032870317557677014

3292 qw the Nimble (level 9, -13/45 HPs)
             Began as a Spriggan Hunter on Feb 3, 2024.
             Killed by the air
             ... invoked by Gastronok
              (19 damage)
             ... on level 8 of the Dungeon.
             The game lasted 00:00:26 (5313 turns).

qw the Nimble (Spriggan Hunter)                     Turns: 5313, Time: 00:00:27

Health: -13/45     AC:  7    Str: 10    XL:     9   Next: 69%
Magic:  10/10      EV: 32    Int: 11    God:
Gold:   388        SH:  5    Dex: 22    Spells: 8/8 levels left

rFire   + . .        q - +1 arbalest of Fate {drain, ^Contam rF++ Str+3}
rCold   + . .        (shield currently unavailable)
rNeg    . . .        k - +0 steam dragon scales
rPois   +            (helmet restricted)
rElec   +            a - +1 cloak "Vuly" {rElec rF- rC+}
rCorr   .            (gloves unavailable)
SInv    +            (boots unavailable)
Will    +....        p - amulet of reflection
Stlth   ++           l - ring of poison resistance
HPRegen 0.27/turn    e - +5 ring of evasion
MPRegen 0.12/turn

%: reflection
@: about to teleport, very quick
A: very small, no large weapons, unfitting armour, see invisible, speed 3, horns
1, wild magic 1
a: no special abilities


You were on level 8 of the Dungeon.
You visited 2 branches of the dungeon, and saw 11 of its levels.

You collected 388 gold pieces.


Innate Abilities, Weirdness & Mutations

You are very small and have problems with some larger weapons.
You are too small for most types of armour.
You have supernaturally acute eyesight. (SInv)
You cover ground extremely quickly. (Speed+++)
You have a pair of small horns on your head.
Your spells are a little harder to cast, but a little more powerful.


   Skills:
 - Level 4.0 Fighting
 + Level 10.6 Ranged Weapons
 - Level 1.0 Armour
 - Level 11.1 Dodging
 - Level 1.5 Stealth


You had 8 spell levels left.
You didn't know any spells.
Your spell library was empty.

Inventory:

Hand Weapons
 q - the +1 arbalest of Fate (weapon) {drain, ^Contam rF++ Str+3}
   (You found it on level 5 of the Dungeon)

   Str+3:     It affects your strength (+3).
   rF++:      It greatly protects you from fire.
   ^Contam:   It causes magical contamination when unequipped.
Armour
 a - the +1 cloak "Vuly" (worn) {rElec rF- rC+}
   (You acquired it on level 5 of the Dungeon)

   rF-:       It makes you vulnerable to fire.
   rC+:       It protects you from cold.
   rElec:     It insulates you from electricity.
 k - +0 steam dragon scales (worn)
Jewellery
 e - a +5 ring of evasion (right hand)
 l - a ring of poison resistance (left hand)
 p - an amulet of reflection (around neck)
Wands
 n - a wand of mindburst (11)
Scrolls
 d - a scroll of teleportation
Potions
 b - a potion of mutation
 f - 2 potions of cancellation
 g - 3 potions of might
 h - a potion of berserk rage {unknown}
 i - 3 potions of curing
 j - a potion of resistance {unknown}
 o - a potion of haste {unknown}
 r - a potion of enlightenment {unknown}
 t - a potion of invisibility {unknown}

Dungeon Overview and Level Annotations

Branches:
Dungeon (10/15)            Temple (1/1) D:7
   Lair: D:8-11         Orc: D:9-12

Altars:
Cheibriados
Dithmenos
Elyvilon
Gozag
Hepliaklqana
Kikubaaqudgha
Makhleb
Nemelex Xobeh
Qazlal
Ru
Sif Muna
Trog
Uskayaw
Vehumet
Wu Jian
Xom
Yredelemnul
Zin
The Shining One

Shops:
D:1 ((   D:8 :

Annotations:
D:3 1 runed translucent door, qw's ghost, amateur DEHu
D:8 Gastronok


Message History

Aiming: Corrosive Bolt
Press: ? - help, Q - select action, (/) - cycle Shift-Dir - straight line, f/p - Gastronok The bolt of acid hits Gastronok!!
Gastronok is heavily wounded.
The now-empty wand crumbles to dust.
Gastronok chants a spell, wobbling all the while.
You shoot a bolt. The bolt hits the bat.
The bat is severely wounded.
Gastronok is no longer covered in acid.
The bat completely misses you. You block the bat's attack.
The bat completely misses you. The bat hits you but does no damage.
You shoot a bolt. The bolt closely misses the bat.
The bat closely misses you. The bat completely misses you. x2
The bat barely misses you. The bat completely misses you. x2
You shoot a bolt. The bolt hits the bat!
You kill the bat!
The bat's corpse disappears in a puff of smoke!
The bat completely misses you. The bat misses you.
Gastronok gurgles, "I'll eat you, I will!"
Gastronok waves his eye-stalks in wide circles.
The air twists around and strikes you.
You shoot a bolt. The bolt barely misses the bat.
The bat hits you. The bat completely misses you.
You shoot a bolt. The bolt hits the bat!!
You kill the bat!
The bat's corpse disappears in a puff of smoke!
Gastronok waves his eye-stalks in wide circles.
The air twists around and strikes you!!
5311 ||| READING 2 scrolls of teleportation.
As you read the scroll of teleportation, it crumbles to dust.
You feel strangely unstable.
You shoot a bolt. The bolt hits Gastronok.
You drain Gastronok.
Gastronok is heavily wounded.
You shoot a bolt. The bolt hits Gastronok!!
You drain Gastronok.
Gastronok is severely wounded.
Gastronok gurgles, "I'll eat you, I will!"
Gastronok waves his eye-stalks in wide circles.
The air twists around and strikes you!!
You die...
Gastronok gurgles, "About time.
I'm starving!"

# ####.# #.wb.#
################@#
.................#
#############.#.##
...#.# ###.#.#
##### #.#.# #...#
#.#.# ....# ##
###.# #...##...#
...


You could see Gastronok (drained) and a bat (summoned).

Vanquished Creatures
  A two-headed ogre (D:10)
  An ugly thing (D:10)
  2 steam dragons
  A water moccasin (D:8)
  An ice beast (D:6)
  A black bear (D:4)
  3 ogres
  2 centaurs
  2 bullfrogs (D:8)
  A kobold brigand (D:10)
  A scorpion (D:5)
  4 howler monkeys
  3 jellies
  A bombardier beetle (D:6)
  7 hounds
  5 orc priests
  4 iguanas
  6 orc wizards
  6 gnolls
  6 adders
  A white imp (D:7)
  A dart slug (D:4)
  A ribbon worm (D:2)
  20 orcs
  9 endoplasms
  3 giant cockroaches
  5 goblins
  7 hobgoblins
  5 jackals
  4 quokkas
  12 ball pythons
  4 bats
  5 frilled lizards
  8 kobolds
  3 rats
146 creatures vanquished.

Vanquished Creatures (others)
  An orc (D:7)
1 creature vanquished.

Grand Total: 147 creatures vanquished

Notes
Turn   | Place    | Note
-------+----------+-------------------------------------------
     0 | D:1      | qw the Spriggan Hunter began the quest for the Orb.
     0 | D:1      | Reached XP level 1. HP: 10/10 MP: 2/2
     0 | D:1      | 0 ||| qw: Version: 0.3-a-157-g843a77d
     0 | D:1      | 0 ||| qw: Game counter: 3698
     0 | D:1      | 0 ||| qw: Melee chars always use a shield: true
     0 | D:1      | 0 ||| qw: God list: Okawaru
     0 | D:1      | 0 ||| qw: Allow faded altars: false
     0 | D:1      | 0 ||| qw: Do Orc after clearing Dungeon:15 true
     0 | D:1      | 0 ||| qw: Do second Lair branch before Depths: true
     0 | D:1      | 0 ||| qw: Lair rune preference: random
     0 | D:1      | 0 ||| qw: Goals: Normal
     0 | D:1      | 0 ||| PLANNING D:1-11
   106 | D:1      | Reached skill level 3 in Dodging
   221 | D:1      | Found Jofin's Weapon Shoppe.
   301 | D:1      | Found Paonafetwe's Weapon Shoppe.
   395 | D:1      | Reached XP level 2. HP: 14/14 MP: 3/3
   483 | D:1      | Reached skill level 4 in Dodging
   829 | D:1      | 829 ||| READING scroll labelled NELUCH LISCH.
   830 | D:1      | 830 ||| READING scroll labelled OKIJYUJ MOIKKO.
   830 | D:1      | 830 ||| IDENTIFYING 2 cyan potions
   831 | D:1      | 831 ||| READING scroll labelled KUPLEW USKIK.
   831 | D:1      | 831 ||| ENCHANTING +0 shortbow.
   832 | D:1      | 832 ||| DROPPING scroll of butterflies.
   873 | D:2      | Reached XP level 3. HP: 18/18 MP: 4/4
   999 | D:2      | 999 ||| FLEEEEING.
  1000 | D:2      | 1000 ||| FLEEEEING.
  1001 | D:2      | 1001 ||| FLEEEEING.
  1002 | D:2      | 1002 ||| FLEEEEING.
  1003 | D:2      | 1003 ||| FLEEEEING.
  1005 | D:2      | 1005 ||| FLEEEEING.
  1006 | D:2      | 1006 ||| FLEEEEING.
  1007 | D:2      | 1007 ||| FLEEEEING.
  1009 | D:2      | 1009 ||| FLEEEEING.
  1010 | D:2      | 1010 ||| FLEEEEING.
  1104 | D:2      | Reached XP level 4. HP: 22/22 MP: 5/5
  1342 | D:2      | 1342 ||| READING scroll labelled NISEHE AWIER.
  1343 | D:2      | 1343 ||| READING scroll labelled ZUSAGUEFIA.
  1492 | D:3      | Found a faded altar of an unknown god.
  1605 | D:3      | Reached skill level 5 in Dodging
  1697 | D:3      | Found a runed translucent door.
  1708 | D:3      | Noticed qw's ghost (amateur DEHu)
  1974 | D:4      | Noticed a black bear
  1975 | D:4      | 1975 ||| ZAPPING wand of paralysis (2) at 6,-6 (black bear;
                  | floor).
  1976 | D:4      | 1976 ||| ZAPPING wand of paralysis (1) at 5,-5 (black bear;
                  | floor).
  1980 | D:4      | Killed a black bear
  1981 | D:4      | Reached skill level 3 in Fighting
  1981 | D:4      | Reached XP level 5. HP: 28/28 MP: 6/6
  2126 | D:4      | 2126 ||| READING scroll of enchant weapon.
  2126 | D:4      | 2126 ||| ENCHANTING +1 shortbow.
  2265 | D:4      | Noticed an ogre
  2276 | D:4      | Killed an ogre
  2277 | D:4      | Reached skill level 6 in Ranged Weapons
  2277 | D:4      | Reached XP level 6. HP: 32/32 MP: 7/7
  2545 | D:4      | 2545 ||| UPGRADING to ring of poison resistance.
  2546 | D:4      | 2546 ||| READING scroll of identify.
  2546 | D:4      | 2546 ||| IDENTIFYING silvery potion
  2547 | D:4      | 2547 ||| READING 2 scrolls labelled JEQI QENYS.
  2550 | D:4      | 2550 ||| READING scroll labelled EMNULO SUPTEU.
  2651 | D:4      | 2651 ||| DRINKING 2 pink potions.
  2651 | D:4      | Gained mutation: You have a pair of small horns on your
                  | head. [potion of mutation]
  2651 | D:4      | Gained mutation: Your spells are a little harder to cast,
                  | but a little more powerful. [potion of mutation]
  2652 | D:4      | 2652 ||| DRINKING 2 clear potions.
  2653 | D:4      | 2653 ||| DROPPING potion of attraction.
  2682 | D:5      | Entered Level 5 of the Dungeon
  2754 | D:5      | Reached skill level 6 in Dodging
  2918 | D:5      | Reached XP level 7. HP: 36/36 MP: 8/8
  3116 | D:5      | Identified the +1 arbalest of Fate {drain, ^Contam rF++
                  | Str+3}
  3118 | D:5      | 3118 ||| SWAPPING to +1 arbalest of Fate {drain, ^Contam
                  | rF++ Str+3}.
  3119 | D:5      | 3119 ||| DROPPING +2 shortbow.
  3273 | D:5      | 3273 ||| FLEEEEING.
  3274 | D:5      | 3274 ||| FLEEEEING.
  3275 | D:5      | 3275 ||| FLEEEEING.
  3276 | D:5      | 3276 ||| FLEEEEING.
  3278 | D:5      | 3278 ||| FLEEEEING.
  3279 | D:5      | 3279 ||| FLEEEEING.
  3280 | D:5      | 3280 ||| FLEEEEING.
  3281 | D:5      | 3281 ||| FLEEEEING.
  3282 | D:5      | 3282 ||| FLEEEEING.
  3283 | D:5      | 3283 ||| FLEEEEING.
  3286 | D:5      | 3286 ||| FLEEEEING.
  3288 | D:5      | 3288 ||| FLEEEEING.
  3289 | D:5      | 3289 ||| FLEEEEING.
  3290 | D:5      | 3290 ||| FLEEEEING.
  3291 | D:5      | 3291 ||| FLEEEEING.
  3292 | D:5      | 3292 ||| FLEEEEING.
  3293 | D:5      | 3293 ||| FLEEEEING.
  3294 | D:5      | 3294 ||| FLEEEEING.
  3295 | D:5      | 3295 ||| FLEEEEING.
  3296 | D:5      | 3296 ||| FLEEEEING.
  3297 | D:5      | 3297 ||| FLEEEEING.
  3298 | D:5      | 3298 ||| FLEEEEING.
  3299 | D:5      | 3299 ||| FLEEEEING.
  3304 | D:5      | 3304 ||| FLEEEEING.
  3305 | D:5      | 3305 ||| FLEEEEING.
  3306 | D:5      | 3306 ||| FLEEEEING.
  3307 | D:5      | 3307 ||| FLEEEEING.
  3308 | D:5      | 3308 ||| FLEEEEING.
  3309 | D:5      | 3309 ||| FLEEEEING.
  3310 | D:5      | 3310 ||| FLEEEEING.
  3311 | D:5      | 3311 ||| FLEEEEING.
  3312 | D:5      | 3312 ||| FLEEEEING.
  3313 | D:5      | 3313 ||| FLEEEEING.
  3314 | D:5      | 3314 ||| FLEEEEING.
  3467 | D:5      | 3467 ||| UPGRADING to amulet of reflection.
  3472 | D:5      | 3472 ||| UPGRADING to +5 ring of evasion.
  3473 | D:5      | 3473 ||| READING scroll of identify.
  3473 | D:5      | 3473 ||| IDENTIFYING brown potion
  3474 | D:5      | 3474 ||| READING scroll labelled VACKUA URHU.
  3474 | D:5      | Identified a scroll of acquirement
  3474 | D:5      | 3474 ||| ACQUIRING +1 cloak "Vuly" {rElec rF- rC+}
  3474 | D:5      | Acquired the +1 cloak "Vuly" {rElec rF- rC+}
  3476 | D:5      | 3476 ||| UPGRADING to +1 cloak "Vuly" {rElec rF- rC+}.
  3510 | D:6      | Reached skill level 7 in Dodging
  3510 | D:6      | 3510 ||| STAIRDANCE
  3515 | D:6      | 3515 ||| STAIRDANCE
  3577 | D:6      | Reached XP level 8. HP: 40/40 MP: 9/9
  3681 | D:6      | Reached skill level 8 in Dodging
  3746 | D:6      | 3746 ||| FLEEEEING.
  3747 | D:6      | 3747 ||| FLEEEEING.
  3748 | D:6      | 3748 ||| FLEEEEING.
  3749 | D:6      | 3749 ||| FLEEEEING.
  3750 | D:6      | 3750 ||| FLEEEEING.
  3751 | D:6      | 3751 ||| FLEEEEING.
  3752 | D:6      | 3752 ||| FLEEEEING.
  3753 | D:6      | 3753 ||| FLEEEEING.
  3754 | D:6      | 3754 ||| FLEEEEING.
  3756 | D:6      | 3756 ||| FLEEEEING.
  3757 | D:6      | 3757 ||| FLEEEEING.
  3761 | D:6      | 3761 ||| FLEEEEING.
  3763 | D:6      | 3763 ||| FLEEEEING.
  3764 | D:6      | 3764 ||| FLEEEEING.
  3765 | D:6      | 3765 ||| STAIRDANCE
  3882 | D:5      | 3882 ||| READING 2 scrolls labelled ABBURECIYD.
  3883 | D:5      | 3883 ||| READING scroll labelled IMAAMMIEPU.
  3884 | D:5      | 3884 ||| DROPPING scroll of amnesia.
  4255 | D:6      | 4255 ||| UPGRADING to +0 steam dragon scales.
  4265 | D:6      | 4265 ||| DROPPING +0 robe.
  4266 | D:6      | 4266 ||| DRINKING 2 bubbling dark potions.
  4267 | D:6      | 4267 ||| DROPPING potion of brilliance.
  4282 | D:7      | 4282 ||| STAIRDANCE
  4294 | D:7      | 4294 ||| STAIRDANCE
  4334 | D:7      | Reached skill level 9 in Ranged Weapons
  4377 | D:7      | Reached skill level 1 in Armour
  4386 | D:7      | Found a staircase to the Ecumenical Temple.
  4387 | D:7      | 4387 ||| PLANNING TEMPLE
  4395 | Temple   | Entered the Ecumenical Temple
  4396 | Temple   | 4396 ||| PLANNING D:1-11
  4606 | D:7      | Reached skill level 9 in Dodging
  4716 | D:7      | You fall into a shaft and drop 3 floors!
  4716 | D:10     | Entered Level 10 of the Dungeon
  4724 | D:10     | Noticed a cyan ugly thing
  4725 | D:10     | 4725 ||| ZAPPING wand of iceblast (3) at -3,-1 (cyan ugly
                  | thing; floor).
  4726 | D:10     | 4726 ||| ZAPPING wand of iceblast (2) at -2,-1 (cyan ugly
                  | thing; floor).
  4731 | D:10     | 4731 ||| ZAPPING wand of mindburst (12) at -1,-1 (cyan ugly
                  | thing; floor).
  4731 | D:10     | Killed a cyan ugly thing
  4732 | D:10     | Reached XP level 9. HP: 30/44 MP: 10/10
  4830 | D:10     | 4830 ||| READING scroll labelled DOTHRA FOCKOUT.
  4831 | D:10     | Noticed a two-headed ogre
  4834 | D:10     | 4834 ||| ZAPPING wand of iceblast (1) at -1,-5 (two-headed
                  | ogre; floor).
  4836 | D:10     | Killed a two-headed ogre
  4837 | D:10     | Reached skill level 11 in Dodging
  4852 | D:8      | Found Meesooh's Book Shop.
  5145 | D:7      | 5145 ||| READING scroll labelled ZINGIHEARGH.
  5301 | D:8      | Noticed Gastronok
  5302 | D:8      | 5302 ||| ZAPPING wand of acid (4) at 3,-1 (Gastronok;
                  | floor).
  5303 | D:8      | 5303 ||| ZAPPING wand of acid (3) at 3,-1 (Gastronok;
                  | floor).
  5304 | D:8      | 5304 ||| ZAPPING wand of acid (2) at 2,-1 (Gastronok;
                  | floor).
  5305 | D:8      | 5305 ||| ZAPPING wand of acid (1) at 2,-1 (Gastronok;
                  | floor).
  5310 | D:8      | HP: 5/45 [Gastronok/the air (20)]
  5311 | D:8      | 5311 ||| READING 2 scrolls of teleportation.
  5313 | D:8      | Killed from afar by Gastronok

Levels and vault maps discovered:
D:1:      matt_arrival_refuge, layout_loops_corners, serial_shops,
          nicolae_shop_stone, shop_fountains
D:2:      layout_basic, serial_curves, eino_curves_04, eino_curves_02
D:3:      layout_rooms, ebering_ghost_sewer_d, basic_ecumenical_altar,
          serial_curves, eino_curves_01, eino_curves_02, minmay_misc_feat_x
D:4:      layout_rooms
D:5:      layout_basic
D:6:      layout_loops_ring
D:7:      layout_rooms, minmay_temple_entry_junction_2
D:8:      minmay_general_purpose_star, layout_loops_ring,
          mainiacjoe_overflow_24_doors, david_lair_shrubbed, serial_shops, shop,
          uniq_gastronok
D:9:      layout_long_grid, mainiacjoe_overflow_divided_tiny, erik_orc_1,
          uniq_erolcha
D:10:     layout_basic, serial_shops, shop
Temple:   compressed_dpeg_triangle_lava_temple

Skill      XL: |  1  2  3  4  5  6  7  8  9 |
---------------+----------------------------+-----
Dodging        | 3 4 5 6 7 9 11 | 11.1
Ranged Weapons | 5 6 7 10 | 10.6
Fighting       | 3 4 |  4.0
Armour         | 1 |  1.0
Stealth        | |  1.5

Action                     |  1- 3 |  4- 6 |  7- 9 || total
---------------------------+-------+-------+-------++-------
   Fire: Shortbow          |    91 |   128 |     7 ||   226
         Arbalest          |       |       |   145 ||   145
  Evoke: Wand              |       |     2 |     8 ||    10
    Use: Scroll            |     3 |     6 |     7 ||    16
         Potion            |       |     2 |     1 ||     3
 Armour: Robe              |     6 |    11 |     7 ||    24
         Steam dragon scal |       |       |    12 ||    12
  Dodge: Dodged            |    31 |    42 |    87 ||   160
  Block: Other             |       |       |    18 ||    18
         Reflection        |       |       |     3 ||     3

Table legend:
 A = Non-vault XP
 B = Vault XP
 C = Vault XP percentage of total XP
 D = Non-vault monster count
 E = Vault monster count
 F = Vault count percentage of total count
                 A         B        C        D         E       F
            +---------+---------+-------+---------+---------+-------
      Total |    4704 |       0 |   0.0 |     146 |       0 |   0.0
            +---------+---------+-------+---------+---------+-------
        D:1 |      37 |       0 |   0.0 |      24 |       0 |   0.0
        D:2 |      69 |       0 |   0.0 |      20 |       0 |   0.0
        D:3 |      62 |       0 |   0.0 |      13 |       0 |   0.0
        D:4 |     364 |       0 |   0.0 |      17 |       0 |   0.0
        D:5 |     564 |       0 |   0.0 |      18 |       0 |   0.0
        D:6 |     854 |       0 |   0.0 |      16 |       0 |   0.0
        D:7 |     550 |       0 |   0.0 |      17 |       0 |   0.0
        D:8 |     715 |       0 |   0.0 |      15 |       0 |   0.0
       D:10 |    1489 |       0 |   0.0 |       6 |       0 |   0.0
            +---------+---------+-------+---------+---------+-------
